 Dungeon Crawl Stone Soup version 0.9.0-27-g8a39726 character file.

2530 Hambone the Covert (level 9, 0/63 HPs)
             Began as a Vampire Assassin on Nov 12, 2011.
             Was a Priest of Kikubaaqudgha.
             Slain by a war dog (1 damage)
             ... led by Grum
             ... on Level 9 of the Dungeon.
             The game lasted 01:08:20 (7545 turns).

Hambone the Covert (Vampire Assassin)               Turns: 7545, Time: 01:08:20

HP   0/63        AC 11     Str 10      XL: 9   Next: 10%
MP  12/15        EV 13     Int 16      God: Kikubaaqudgha [***...]
Gold 239         SH 10     Dex 15      Spells:  5 memorised,  3 levels left

Res.Fire  : + . .   See Invis. : +   a - +2,+3 dagger
Res.Cold  : . . .   Warding    : + . B - +2 robe {MR}
Life Prot.: + + .   Conserve   : .   D - +2 buckler
Res.Acid. : . . .   Res.Corr.  : .   (no helmet)
Res.Poison: +       Clarity    : .   t - +2 cloak {MR}
Res.Elec. : .       Spirit.Shd : .   (no gloves)
Sust.Abil.: . .     Stasis     : .   p - +3 pair of boots "Soku" {rF+}
Res.Mut.  : .       Ctrl.Telep.: .   m - amulet of warding
Res.Rott. : +       Levitation : .   (no ring)
Saprovore : . . .   Ctrl.Flight: .   w - ring of poison resistance

@: very resistant to hostile enchantments, extremely stealthy
A: fangs 3, see invisible, unbreathing
a: Bat Form, Bottle Blood, Receive Corpses, Renounce Religion


You were on level 9 of the Dungeon.
You worshipped Kikubaaqudgha.
Kikubaaqudgha was greatly pleased with you.
You were not thirsty.

You visited 2 branches of the dungeon, and saw 10 of its levels.

You collected 301 gold pieces.
You spent 112 gold pieces at shops.

Inventory:

Hand weapons
 a - a +2,+3 dagger (weapon)
 b - a +0 blowgun
 j - a +2,+2 short sword of freezing
 s - a +2,+2 sling
Missiles
 e - 23 poisoned +0 needles
 f - a curare-tipped +0 needle
 h - 8 exploding +0 darts (quivered)
 l - 47 +0 stones
 o - 23 +0 sling bullets
 K - 5 +0 needles of confusion
Armour
 p - the +3 pair of boots "Soku" (worn) {rF+}
   (You found it on level 8 of the Dungeon)

   It protects you from fire.
 t - a +2 cloak of magic resistance (worn)
 v - a +2 orcish robe
 B - a +2 robe of magic resistance (worn)
 C - a +2 robe of positive energy
 D - a +2 buckler (worn)
Magical devices
 z - a wand of paralysis (0)
 E - a wand of teleportation (4) {unknown}
Scrolls
 c - a scroll of enchant weapon II
 d - 3 scrolls of detect curse
 g - a scroll of remove curse
 i - 8 scrolls of identify
 q - 2 scrolls of fog
 r - a scroll of enchant armour
Jewellery
 m - an amulet of warding (around neck)
 n - an uncursed amulet of controlled flight
 w - a ring of poison resistance (left hand)
Potions
 k - 2 potions of restore abilities
 u - a potion of brilliance {unknown}
 A - a potion of speed {unknown}
 F - a potion of cure mutation {unknown}
 J - a potion of agility {unknown}
Books
 x - a book of Power

   Spells                             Type                      Level
   Teleport Other                     Translocation                3
   Iskenderun's Mystic Blast          Conjuration                  4
   Venom Bolt                         Conjuration/Poison           5
   Poisonous Cloud                    Conjuration/Poison/Air       5
   Iron Shot                          Conjuration/Earth            6
   Mass Confusion                     Hexes                        6
   Orb of Destruction                 Conjuration                  7
 y - a book of Necromancy {god gift}

   Spells                             Type                      Level
   *Pain                              Necromancy                   1
   Animate Skeleton                   Necromancy                   1
   Lethal Infusion                    Charms/Necromancy            2
   *Vampiric Draining                 Necromancy                   3
   *Regeneration                      Charms/Necromancy            3
   Dispel Undead                      Necromancy                   4
   Animate Dead                       Necromancy                   4
 I - a book of Death {god gift}

   Spells                             Type                      Level
   *Corpse Rot                        Necromancy                   2
   *Sublimation of Blood              Necromancy                   2
   Agony                              Necromancy                   5
   Excruciating Wounds                Charms/Necromancy            5
   Bolt of Draining                   Conjuration/Necromancy       6
Carrion
 M - a snake corpse


   Skills:
 + Level 4 Fighting
 + Level 6 Short Blades
 - Level 2 Throwing
 + Level 4 Dodging
 + Level 10 Stealth
 + Level 5 Stabbing
 + Level 1 Shields
 - Level 1 Traps & Doors
 - Level 1 Unarmed Combat
 + Level 3 Spellcasting
 + Level 3 Necromancy


You had 3 spell levels left.
You knew the following spells:

 Your Spells              Type           Power        Success   Level  Hunger
a - Pain                  Necr           ###..        Great       1    Sultana
b - Corpse Rot            Necr           N/A          Great       2    Choko
c - Sublimation of Blood  Necr           ###.......   Great       2    Choko
d - Regeneration          Chrm/Necr      ##........   Fair        3    Choko
e - Vampiric Draining Necr ###.......     Very         Good        3    Choko

Dungeon Overview and Level Annotations

Branches:
Dungeon (9/27)             Temple (1/1) D:4             Orc (0/4) D:7
   Lair: D:8-13

Altars:
Ashenzari
Cheibriados
Elyvilon
Fedhas
Kikubaaqudgha
Makhleb
Nemelex Xobeh
Okawaru
Sif Muna
The Shining One
Trog
Vehumet
Xom
Yredelemnul
Zin

Shops:
D:6: [

Annotations
D:9 exclusion: war dog


Innate Abilities, Weirdness & Mutations

You can bottle blood from corpses.
You have razor-sharp teeth.
You have supernaturally acute eyesight.
You do not need to breathe.
Press '!' to toggle between mutations and properties depending on your hunger status.


Message History

The orc closely misses you.
Read which item? (? for menu, Esc to quit)
As you read the scroll labeled CHIXEIPS SKAEXAF, it crumbles to dust.
You hear a loud clanging noise!
It was a scroll of noise.
You block Grum's attack.
The war dog bites you but does no damage.
The war dog bites you. The war dog barely misses you.
The orc wizard barely misses you. The orc hits you but does no damage.
The goliath beetle bites you!
* * * LOW HITPOINT WARNING * * *
You hit the orc.
The orc is lightly wounded.
Grum barely misses you. The war dog bites you.
* * * LOW HITPOINT WARNING * * *
The war dog closely misses you. You block the orc wizard's attack.
Drink which item? (? for menu, Esc to quit)
You feel refreshed.
It was a potion of restore abilities.
Grum barely misses you. The war dog bites you.
You die...
Kikubaaqudgha rasps: "You have failed me!
Welcome... oblivion!"

##########
....((...#
.......ho#
....(.(Bh#
......gh@#
......Koo#
.....(..o#
...(..(..#
######(###
#.##
#####..###
#........#
#........#


You could see a goliath beetle, Grum, an orc warrior, 3 war dogs, an orc wizard,
2 orcs and a kobold.

Vanquished Creatures
  A giant toad (D:9)
  Edmund (D:6)
  A sky beast (D:6)
  A yellow wasp (D:9)
  A centaur (D:3)
  3 orc warriors
  Sigmund (D:4)
  5 giant frogs
  3 imps
  A big kobold skeleton (D:7)
  Crazy Yiuf (D:2)
  3 orc priests
  A shadow (D:8)
  5 hounds
  A scorpion (D:4)
  8 orc wizards
  5 worker ants
  A jelly (D:9)
  Terence (D:3)
  A mummy (D:9)
  4 gnolls (D:6)
  A giant centipede (D:9)
  6 snakes
  2 giant mites (D:3)
  2 snake skeletons
  A worm (D:2)
  3 giant eyeballs (D:8)
  3 giant geckos
  30 orcs
  11 bats
  29 hobgoblins
  24 kobolds
  2 small snakes
  2 giant cockroaches
  6 giant newts
  23 goblins
  An orc skeleton (D:9)
  A quokka zombie (D:6)
  12 rats
  A toadstool (D:6)
209 creatures vanquished.

Vanquished Creatures (others)
  An orc (D:7)
  A rat (D:7)
  13 toadstools
15 creatures vanquished.

Grand Total: 224 creatures vanquished

Notes
Turn   | Place    | Note
--------------------------------------------------------------
     0 | D:1      | Hambone, the Vampire Assassin, began the quest for the Orb.
     0 | D:1      | Reached XP level 1. HP: 15/15 MP: 1/1
   382 | D:1      | Reached XP level 2. HP: 14/21 MP: 2/2
  1083 | D:2      | Reached skill level 6 in Stealth
  1083 | D:2      | Reached XP level 3. HP: 13/26 MP: 3/3
  1331 | D:2      | Noticed Crazy Yiuf
  1359 | D:2      | Defeated Crazy Yiuf
  1359 | D:2      | Reached XP level 4. HP: 7/33 MP: 4/4
  1866 | D:3      | Noticed Terence
  1892 | D:3      | Defeated Terence
  1922 | D:3      | Reached skill level 1 in Spellcasting
  2074 | D:3      | Reached XP level 5. HP: 38/38 MP: 6/6
  2091 | D:3      | Reached skill level 7 in Stealth
  2198 | D:4      | Noticed Grinder
  2351 | D:4      | Reached XP level 6. HP: 20/45 MP: 7/7
  2465 | D:4      | Found a staircase to the Ecumenical Temple.
  2471 | Temple   | Entered the Ecumenical Temple
  2498 | Temple   | Became a worshipper of Kikubaaqudgha
  2554 | D:4      | Noticed Sigmund
  2569 | D:4      | Reached skill level 1 in Traps & Doors
  2575 | D:4      | Defeated Sigmund
  2956 | D:5      | Entered Level 5 of the Dungeon
  3098 | D:5      | Acquired Kikubaaqudgha's first power
  3098 | D:5      | Received a gift from Kikubaaqudgha
  3102 | D:5      | Learned a level 1 spell: Pain
  3296 | D:6      | Reached skill level 8 in Stealth
  3296 | D:6      | Reached XP level 7. HP: 50/50 MP: 6/10
  3414 | D:6      | Reached skill level 1 in Necromancy
  3441 | D:6      | Found Smiott's Antique Armour Emporium.
  3457 | D:6      | Bought an embroidered robe for 20 gold pieces
  3457 | D:6      | Bought an embroidered robe for 20 gold pieces
  3457 | D:6      | Bought a runed buckler for 72 gold pieces
  3676 | D:6      | Reached skill level 5 in Short Blades
  3796 | D:6      | Noticed Edmund
  3882 | D:6      | Defeated Edmund
  3961 | D:6      | Acquired Kikubaaqudgha's second power
  4328 | D:6      | Reached XP level 8. HP: 58/58 MP: 12/12
  4631 | D:7      | Found a staircase to the Orcish Mines.
  4736 | D:7      | Reached skill level 1 in Shields
  5043 | D:7      | Reached skill level 9 in Stealth
  6436 | D:8      | Got a pair of transparent boots
  6440 | D:8      | Identified the +3 pair of boots "Soku" (You found it on level 8 of the Dungeon)
  6468 | D:8      | Paralysed by a giant eyeball for 3 turns
  6474 | D:8      | Paralysed by a giant eyeball for 2 turns
  6691 | D:8      | Received a gift from Kikubaaqudgha
  6853 | D:8      | Reached skill level 5 in Stabbing
  7176 | D:9      | Learned a level 2 spell: Corpse Rot
  7276 | D:9      | Reached skill level 10 in Stealth
  7276 | D:9      | Reached XP level 9. HP: 63/63 MP: 9/15
  7280 | D:9      | Learned a level 2 spell: Sublimation of Blood
  7284 | D:9      | Learned a level 3 spell: Regeneration
  7288 | D:9      | Learned a level 3 spell: Vampiric Draining
  7529 | D:9      | Noticed Grum
  7544 | D:9      | HP: 1/63 [war dog[Grum] (4)]
  7545 | D:9      | Slain by a war dog
